Map: Galactic Process LE

Players

Mesome

  • Race: Terran Terran
  • League: Gold

Nickos - Winner!

  • Race: Terran Terran
  • League: Gold

VOD

Have the link to the VOD?

Description

Time

  • Played on: Oct. 2, 2016, 4:55 a.m.
  • Length: 11:57
Show
View Real Time Build Order
Export as new Build Order

Mesome Terran 

Build Orders:  

Get SALT Encoding   

  12  0:01  SCV  
  13  0:13  SCV  
  14  0:18  Supply Depot  
  14  0:25  SCV  
  15  0:30  Refinery  
  15  0:39  SCV  
  16  0:45  Barracks  
  16  0:54  SCV  
  17  1:06  SCV  
  18  1:18  SCV  
  19  1:30  SCV  
  19  1:32  Reaper  
  21  1:34  Supply Depot  
  21  1:46  Orbital Command  
  21  1:50  Factory  
  21  2:04  Marine  
  22  2:15  Command Center  
  22  2:17  SCV  
  23  2:24  Marine  
  24  2:38  Starport  
  22  3:05  Refinery  
  21  3:07  Widow Mine, Marine  
  24  3:16  Barracks  
  24  3:29  Medivac, Orbital Command  
  26  3:37  SCV  
  26  3:38  Marine  
  28  3:43  Widow Mine  
  30  3:49  SCV  
  30  3:54  Supply Depot  
  31  3:59  Engineering Bay, Marine  
  32  4:06  Barracks Tech Lab  
  32  4:08  SCV  
  33  4:13  SCV  
  34  4:20  SCV  
  34  4:22  Marine  
  36  4:26  SCV  
  36  4:29  Medivac  
  36  4:30  Marine  
  40  4:32  SCV  
  40  4:34  Terran Infantry Weapons Level 1  
  41  4:39  SCV  
  41  4:41  Marine  
  41  4:44  SCV  
  41  4:45  Stimpack  
  44  4:52  Supply Depot  
  44  4:55  SCV  
  44  4:56  SCV  
  46  5:03  Supply Depot  
  46  5:14  Marine x2  
  46  5:16  Medivac  
  46  5:18  SCV x2  
  50  5:30  SCV  
  50  5:31  Widow Mine  
  50  5:32  Marine  
  50  5:33  Marauder  
  56  5:45  Barracks  
  56  5:46  Engineering Bay  
  56  5:50  Marine  
  56  5:54  Marine, SCV  
  59  6:00  Supply Depot  
  59  6:01  Supply Depot  
  59  6:12  Medivac  
  59  6:13  Marine  
  59  6:16  Barracks Reactor  
  62  6:25  Terran Infantry Armor Level 1  
  62  6:27  SCV x2  
  62  6:28  Armory  
  62  6:30  Marine  
  65  6:39  SCV  
  67  6:40  Command Center, SCV  
  67  6:45  Supply Depot  
  67  6:48  Marine  
  68  7:14  Marine x2  
  71  7:16  Barracks Reactor  
  60  7:32  Marine x3  
  60  7:33  Widow Mine, Medivac  
  67  7:50  Marine x3  
  67  7:51  Terran Infantry Weapons Level 2  
  70  7:54  Marine x2  
  70  7:58  Refinery  
  72  8:00  Refinery  
  72  8:01  Orbital Command  
  72  8:05  Factory Reactor, Starport Reactor  
  72  8:07  Marine  
  72  8:08  Marine x2  
  72  8:11  Marine  
  69  8:15  Command Center  
  65  8:41  Marine x2  
  65  8:42  Marauder, Marine x2  
  65  8:48  Medivac x2, Widow Mine x2  
  75  8:51  Orbital Command  
  79  8:59  Marine x2  
  81  9:03  Marauder  
  81  9:06  Marine x2, SCV x2  
  87  9:17  SCV, Marine x2  
  87  9:18  SCV x2  
  87  9:23  Medivac x2, Widow Mine x2  
  100  9:24  Marine x2  
  100  9:25  Marauder  
  100  9:29  SCV  
  100  9:30  SCV x2  
  97  9:46  Marauder  
  94  9:59  Orbital Command  
  84  10:07  Marine  
  84  10:08  Marine x2, Marauder  
  84  10:09  Marine  
  84  10:10  Medivac x2  
  94  10:25  Marine x2  
  94  10:26  Marine x2  
  98  10:28  SCV x2  
  98  10:29  Marauder, SCV  
  102  10:40  Medivac, SCV  
  102  10:41  SCV  
  93  10:46  Marine  
  93  10:47  Marine x3  
  79  10:50  Marauder  
  58  11:04  Marine x2  
  58  11:05  Marine x2  
  55  11:12  Marauder  
  57  11:22  Marine x3  
  57  11:23  Marine  
  55  11:33  Marauder  
Show
View Real Time Build Order
Export as new Build Order

Nickos Terran - Winner!

Build Orders: Reaper Expand 

Get SALT Encoding   

  12  0:01  SCV  
  13  0:13  SCV  
  14  0:18  Supply Depot  
  14  0:25  SCV  
  15  0:39  SCV  
  15  0:41  Barracks  
  16  0:44  Refinery  
  16  0:52  SCV  
  17  1:04  SCV  
  18  1:18  SCV  
  19  1:30  Orbital Command  
  19  1:33  Reaper  
  20  1:42  Command Center  
  20  1:52  Barracks  
  20  2:03  Supply Depot  
  20  2:04  SCV  
  20  2:08  Barracks Reactor  
  21  2:16  SCV  
  22  2:28  SCV  
  23  2:31  Factory  
  23  2:41  Barracks Tech Lab  
  23  2:45  Marine  
  23  2:46  Marine  
  23  2:48  Supply Depot  
  23  3:03  Marine  
  23  3:05  Marine  
  21  3:06  Marine  
  21  3:10  SCV  
  21  3:12  Orbital Command  
  24  3:22  SCV  
  24  3:24  Factory  
  25  3:27  Marine  
  25  3:31  Marine  
  27  3:34  SCV  
  27  3:37  Refinery  
  27  3:38  SCV  
  29  3:44  Marine  
  29  3:45  Marine  
  31  3:49  SCV  
  31  3:51  Stimpack  
  31  3:52  Marine  
  33  3:57  SCV  
  33  4:01  SCV, Marine  
  36  4:09  SCV  
  37  4:15  Factory Reactor  
  37  4:17  Marine x2  
  37  4:18  Starport  
  37  4:19  Marine, SCV  
  37  4:22  SCV  
  42  4:30  Engineering Bay  
  42  4:34  SCV x2  
  42  4:35  Marine x2  
  42  4:37  Marine  
  47  4:42  Engineering Bay  
  47  4:46  Supply Depot, SCV  
  47  4:47  SCV  
  49  4:58  SCV  
  50  5:04  Terran Infantry Weapons Level 1  
  50  5:10  Marine  
  50  5:11  Marine x2  
  50  5:12  Medivac x2  
  54  5:28  Marine, SCV x2  
  54  5:29  Marine x2  
  58  5:40  SCV x2  
  60  5:49  Marine x2  
  62  5:53  Terran Infantry Armor Level 1  
  62  6:06  Barracks  
  62  6:07  Refinery  
  62  6:12  Supply Depot  
  62  6:14  SCV x2, Marine x3  
  62  6:15  Medivac  
  69  6:26  SCV  
  70  6:34  SCV, Barracks, Marine x3  
  70  6:36  Factory Tech Lab  
  70  6:39  SCV  
  75  6:46  SCV  
  76  6:48  Command Center  
  76  6:49  Armory  
  76  6:52  Marine  
  76  6:53  Supply Depot  
  75  7:06  Liberator x2  
  75  7:07  SCV x2  
  77  7:12  Marine x3  
  78  7:19  SCV x2  
  68  7:25  Barracks Tech Lab x2  
  68  7:29  Marine  
  74  7:30  Marine  
  68  7:55  Marine x4  
  72  7:59  Command Center  
  72  8:03  SCV x2  
  74  8:16  SCV x2  
  76  8:22  Marine  
  76  8:23  Marine  
  75  8:28  SCV  
  68  8:35  Marine x3  
  68  8:37  SCV  
  68  8:39  Medivac  
  68  8:40  SCV  
  75  8:43  Marine  
  75  8:44  Marine  
  77  8:49  SCV  
  77  8:52  Terran Infantry Weapons Level 2, SCV  
  77  8:53  Marauder  
  81  9:00  Supply Depot  
  81  9:01  SCV  
  82  9:06  Marauder  
  82  9:07  Marine, Marauder  
  87  9:10  Marine  
  87  9:14  Marine  
  87  9:15  Missile Turret  
  89  9:25  Medivac x2, Marine  
  89  9:27  Marine x3  
  97  9:32  Marine  
  95  9:42  Marine  
  95  9:45  Marine x2  
  98  9:46  Marauder  
  98  9:50  Marauder  
  99  10:00  Marine  
  99  10:03  Marine x2  
  104  10:07  Marauder  
  104  10:08  Orbital Command  
  104  10:15  Marine  
  104  10:18  Marine  
  104  10:21  Marine x2  
  106  10:28  Marine  
  109  10:33  Marine  
  110  10:36  Marine  
  110  10:39  Marine x2  
  103  10:52  Marauder x2  
  103  10:57  Marauder, Marine x2  
  104  11:09  Medivac  
  105  11:13  Marine  
  105  11:14  Marine, Marauder  
  105  11:15  Marine  
  111  11:18  Marauder  
  105  11:31  Marauder  
  105  11:32  Marine x2  
  106  11:35  Marauder  
Tags
 
Add a new tag
Caveats
  • Supply blocks, unpowered buildings, or Contaminate may cause inaccurate times.
  • Supply counts are checked every 10 seconds.